 Dungeon Crawl Stone Soup version 0.26-a0-1147-g3780a7a11b (webtiles) character file.

Game seed: 6703909507274176542

12771 sokol815 the Covert (level 11, -20/71 HPs)
             Began as an Octopode Artificer on Dec 22, 2020.
             Was an Initiate of Gozag.
             Killed from afar by a rime drake (27 damage)
             ... with a flash freeze
             ... on level 2 of the Lair of Beasts on Dec 23, 2020.
             The game lasted 00:36:31 (11450 turns).

sokol815 the Covert (Octopode Artificer)           Turns: 11450, Time: 00:36:32

Health: -20/71     AC:  3    Str: 12    XL:     11   Next: 98%
Magic:  38/38      EV: 18    Int: 14    God:    Gozag
Gold:   469        SH: 21    Dex: 21    Spells: 10/10 levels left

rFire    + . .     SeeInvis +   a - +4 long sword of Nomuif {elec, rF+ rN+ MP+9}
rCold    . . .     Faith    .   F - +5 tower shield
rNeg     + . .     Spirit   .   o - +2 hat
rPois    .         Reflect  .   t - amulet of regeneration {+regen, !d}
rElec    .         Harm     .   C - ring of magical power {MP+9}
rCorr    +         Rampage  .   u - ring of see invisible {sInv, !d}
Will     .....                  y - +6 ring of dexterity
Stlth    +++++++...             G - ring of flight {+Fly, !d}
HPRegen  0.61/turn              K - ring of resist corrosion
MPRegen  0.26/turn              O - ring of magical power {MP+9}
                                (no ring)
                                J - +4 ring of evasion

@: lethally poisoned (-20 -> -22)
A: almost no armour, stealthy swim, amphibious, 8 rings, constrict 8, camouflage
1, gelatinous body 1
a: Renounce Religion, Evoke Flight, Potion Petition, Call Merchant, Bribe Branch


You were on level 2 of the Lair of Beasts.
You worshipped Gozag.
Gozag was aware of your devotion.
You visited 3 branches of the dungeon, and saw 13 of its levels.

You collected 2048 gold pieces.
You spent 901 gold pieces at shops.
You paid 678 gold pieces to Gozag.

Inventory:

Hand Weapons
 a - the +4 long sword of Nomuif (weapon) {elec, rF+ rN+ MP+9}
   (You bought it in a shop on level 9 of the Dungeon)

   Occasionally, upon striking a foe, it can discharge electrical energy and
   cause terrible harm.
   It protects you from fire.
   It protects you from negative energy.
   It affects your magic capacity (+9).
 b - a +2 short sword of speed
   (You took it off a kobold on level 8 of the Dungeon)
 c - a +3 flail of protection
   (You took it off a gnoll on level 1 of the Dungeon)
 m - a +0 morningstar of protection
   (You took it off an orc warrior on level 10 of the Dungeon)
 Q - a +0 trident of flaming
   (You found it on level 4 of the Dungeon)
 R - a +0 hand crossbow
   (You took it off a kobold on level 8 of the Dungeon)
 V - a +4 spear
   (You took it off a wight on level 8 of the Dungeon)
Missiles
 e - 450 stones (quivered)
 l - 86 sling bullets
 n - 24 poisoned darts
 w - 3 boomerangs
 B - 101 bolts
Armour
 o - a +2 hat (worn)
   (You found it on level 1 of the Dungeon)
 F - a +5 tower shield (worn)
   (You found it on level 6 of the Dungeon)
Jewellery
 t - an amulet of regeneration (around mantle) {+regen, !d}
   (You found it on level 5 of the Dungeon)
 u - a ring of see invisible (right tentacle) {sInv, !d}
   (You found it on level 3 of the Dungeon)
 y - a +6 ring of dexterity (on tentacle)
   (You found it on level 4 of the Dungeon)
 C - a ring of magical power (left tentacle) {MP+9}
   (You found it on level 5 of the Dungeon)
 G - a ring of flight (on tentacle) {+Fly, !d}
   (You found it on level 6 of the Dungeon)
 J - a +4 ring of evasion (on tentacle)
   (You found it on level 10 of the Dungeon)
 K - a ring of resist corrosion (on tentacle)
   (You found it on level 7 of the Dungeon)
 M - an uncursed ring of magical power {MP+9}
   (You found it on level 9 of the Dungeon)
 O - a ring of magical power (on tentacle) {MP+9}
   (You found it on level 7 of the Dungeon)
 W - an uncursed ring of fire {rF+, rC-}
   (You found it on level 2 of the Lair of Beasts)
Wands
 f - a wand of digging (5)
   (You found it on level 7 of the Dungeon)
 j - a wand of flame (16)
 k - a wand of enslavement (9)
 D - a wand of paralysis (7)
   (You found it on level 6 of the Dungeon)
 P - a wand of polymorph (10)
   (You found it on level 10 of the Dungeon)
Scrolls
 i - 5 scrolls of teleportation
 v - a scroll of immolation {unknown}
 z - 3 scrolls of fog {unknown}
 A - 3 scrolls of blinking {unknown}
 E - 2 scrolls of remove curse
 I - a scroll of torment {unknown}
 N - a scroll of enchant weapon {unknown}
 T - a scroll of magic mapping {unknown}
Potions
 d - a potion of haste {unknown}
 g - 9 potions of curing
 h - 2 potions of brilliance
 p - 2 potions of magic {unknown}
 q - a potion of mutation {!q}
 r - a potion of cancellation {unknown}
 s - a potion of flight
 x - 3 potions of heal wounds
 H - a potion of lignification {!q}
 L - a potion of invisibility
 S - a potion of might
 U - 2 potions of ambrosia


   Skills:
 - Level 5.0 Fighting
 * Level 7.7 Long Blades
 - Level 7.4 Maces & Flails
 - Level 5.0 Dodging
 - Level 13.0 Stealth
 + Level 9.4 Shields
 - Level 6.0 Evocations


You had 10 spell levels left.
You didn't know any spells.
Your spell library contained the following spells:

 Spells                   Type           Power        Failure   Level
 Corona                   Hex            0%           91%         1
 Slow                     Hex            0%           97%         2
 Inner Flame              Hex/Fire       0%           100%        3
 Portal Projectile        Hex/Tloc       0%           100%        3
 Cause Fear               Hex            0%           100%        4
 Leda's Liquefaction      Hex/Erth       0%           100%        4


Dungeon Overview and Level Annotations

Branches:
Dungeon (10/15)            Temple (1/1) D:6            Lair (2/6) D:9
    Orc (0/2) D:10
  Swamp: Lair:2-4    Shoals: Lair:2-4     Snake: Lair:2-4    Spider: Lair:2-4

Altars:
Ashenzari
Cheibriados
Dithmenos
Fedhas
Gozag
Kikubaaqudgha
Makhleb
Okawaru
Qazlal
Ru
Trog
Vehumet
Wu Jian
Xom
Zin
The Shining One

Shops:
D:9 *(=?

Annotations:
D:6 1 runed translucent door, Crazy Yiuf
D:7 Harold
Lair:1 3 runed translucent doors, AtlasWard's ghost, journeyman OgHu


Innate Abilities, Weirdness & Mutations

You cannot wear most types of armour.
You are very stealthy in the water. (Stealth+)
You are amphibious.
You can wear up to eight rings at the same time.
You can use your tentacles to constrict eight enemies at once.
Your skin changes colour to match your surroundings (Stealth+).
Your rubbery body absorbs attacks. (AC +1, EV +1)


Message History

You now have 417 gold pieces (gained 12).
You now have 424 gold pieces (gained 7).
You start resting.
A komodo dragon is nearby!
You regained 4 hp, and now have 52/71 hp.
You throw a stone. The komodo dragon hisses angrily.
The stone hits the komodo dragon but does no damage.
You throw a stone.
The stone closely misses the komodo dragon.
You throw a stone.
The stone hits the komodo dragon but does no damage.
You throw a stone.
The stone hits the komodo dragon but does no damage.
You throw a stone.
The stone hits the komodo dragon but does no damage.
You hit the komodo dragon. You squeeze the komodo dragon.
The komodo dragon misses you.
You riposte.
You closely miss the komodo dragon.
You hit the komodo dragon but do no damage.
You block the komodo dragon's attack. The komodo dragon barely misses you.
MP restored: 38 You closely miss the komodo dragon.
You squeeze the komodo dragon. You block the komodo dragon's attack.
You closely miss the komodo dragon.
You squeeze the komodo dragon, but do no damage.
You block the komodo dragon's attack.
You hit the komodo dragon but do no damage.
The komodo dragon misses you.
You closely miss the komodo dragon. You squeeze the komodo dragon.
The komodo dragon closely misses you.
You riposte.
You hit the komodo dragon but do no damage.
You hit the komodo dragon. Your squeeze misses the komodo dragon.
The komodo dragon barely misses you.
You riposte.
You barely miss the komodo dragon. You squeeze the komodo dragon.
You closely miss the komodo dragon. Your squeeze misses the komodo dragon.
You block the komodo dragon's attack.
You hit the komodo dragon but do no damage.
Lightning courses through the komodo dragon!
You block the komodo dragon's attack.
You closely miss the komodo dragon. Your squeeze misses the komodo dragon.
You block the komodo dragon's attack. The komodo dragon barely misses you.
You riposte.
You hit the komodo dragon.
Lightning courses through the komodo dragon!
You squeeze the komodo dragon.
You kill the komodo dragon!
No target in view!
You now have 435 gold pieces (gained 11).
e - 418 stones (gained 1)
e - 419 stones (gained 1)
Found a glowing falchion.
e - 420 stones (gained 1) Health restored: 71
e - 452 stones (gained 32)
You see here a glowing falchion.
You now have 446 gold pieces (gained 11).
You now have 469 gold pieces (gained 23).
z - 3 scrolls labelled CIDIBEA OCKE (gained 1)
Found an escape hatch in the floor.
B - 101 bolts (gained 24)
A rime drake comes into view.
You throw a stone.
The stone hits the rime drake but does no damage.
The rime drake hisses angrily.
A cane toad comes into view.
You throw a stone. The stone barely misses the rime drake.
The cane toad gives a loud, deep croak!
The rime drake breathes ice at you. The flash freeze hits you!!
You feel a painful chill!
You are encased in ice.
You take 18 damage, and have 53/71 hp.
MASSIVE DAMAGE!!
Take off which item? (? for menu, Esc to quit)
Okay, then.
Remove which piece of jewellery? (? for menu, Esc to quit)
You remove your ring of fire {rF+, rC-}.
The ice encasing you melts away. You block the rime drake's attack.
You hit the rime drake. The rime drake breathes ice at you.
The flash freeze hits you!!
You are encased in ice.
You take 18 damage, and have 37/71 hp.
MASSIVE DAMAGE!!
Unknown command.
You hit the rime drake.
Lightning courses through the rime drake!!
Your squeeze misses the rime drake. You block the rime drake's attack.
The cane toad stings you!
You are poisoned.
The cane toad poisons you!
You take 7 damage, and have 30/71 hp.
Unknown command.
You hit the rime drake. Your squeeze misses the rime drake.
The ice encasing you melts away.
You feel sick. The cane toad stings you!!
* * * LOW HITPOINT WARNING * * *
The rime drake breathes ice at you. The flash freeze hits you!!
You die...
Your body crumbles into a pile of gold.

..)........ ... .
............. ... ..
.<............. ..# ..
............... ..# ..
......##.#+... ..# ##P
P#..... #...# ..#....
##....## #...# ##.......
......P###...###.....#..
.#....###.......@F.P....
......P##.....###k..#.P#
##.....###..### ..## #
.#P...###..#### ..PP
.......##...#.# .....
......#.#.+#..##........
...................(....
..........>.............
#######............


You could see a cane toad and a rime drake (catching breath).

Vanquished Creatures
  5 two-headed ogres
  An ugly thing (D:9)
  2 black mambas (Lair:1)
  A gargoyle (D:10)
  A cane toad (Lair:1)
  A kobold demonologist (D:8)
  2 komodo dragons
  A troll (D:9)
  Prince Ribbit (D:7)
  A wyvern (D:9)
  3 yaks (D:9)
  2 water moccasins (Lair:1)
  A black bear (D:9)
  5 orc warriors
  3 sky beasts
  A phantom (D:8)
  5 wolves (Lair:2)
  7 ogres
  4 centaurs
  10 big kobolds
  8 bullfrogs
  A gnoll sergeant (D:9)
  4 scorpions
  8 killer bees (D:8)
  4 wights (D:8)
  3 howler monkeys
  3 electric eels (D:9)
  A centaur zombie (D:6)
  2 quasits
  2 bullfrog zombies
  8 hounds
  8 orc priests
  A jelly (D:10)
  A bullfrog skeleton (D:8)
  2 centaur skeletons
  6 orc wizards
  7 iguanas
  9 worker ants
  2 hound skeletons
  A howler monkey zombie (D:5)
  A gnoll (D:1)
  8 adders
  4 shadow imps
  4 white imps
  An ufetubus (D:10)
  3 oozes
  5 worms
  A dart slug (D:1)
  3 leopard geckos
  37 orcs
  5 giant cockroaches
  7 goblins
  8 hobgoblins
  2 jackals (D:3)
  28 kobolds
  9 quokkas
  2 ball pythons
  7 bats
  4 frilled lizards
  3 jackal zombies
  9 kobold skeletons (D:8)
  9 kobold zombies (D:8)
  10 rats
308 creatures vanquished.

Vanquished Creatures (collateral kills)
  An orc wizard (D:6)
1 creature vanquished.

Vanquished Creatures (others)
  An ogre (D:4)
  A centaur (D:9)
  An orc priest (D:8)
  2 fungi (Lair:2)
  11 plants
16 creatures vanquished.

Grand Total: 325 creatures vanquished

Notes
Turn   | Place    | Note
-------+----------+-------------------------------------------
     0 | D:1      | sokol815 the Octopode Artificer began the quest for the
                  | Orb.
     0 | D:1      | Reached XP level 1. HP: 13/13 MP: 1/1
    11 | D:1      | Reached skill level 3 in Stealth
    11 | D:1      | Reached XP level 2. HP: 18/18 MP: 2/2
   193 | D:1      | Reached skill level 4 in Stealth
   223 | D:1      | Reached XP level 3. HP: 23/23 MP: 3/3
   723 | D:2      | Reached skill level 5 in Stealth
   904 | D:2      | Reached XP level 4. HP: 28/28 MP: 4/4
   947 | D:2      | Reached skill level 3 in Dodging
  1821 | D:3      | Reached skill level 4 in Dodging
  1821 | D:3      | Reached XP level 5. HP: 28/33 MP: 5/5
  2276 | D:3      | Reached skill level 5 in Dodging
  2610 | D:4      | Noticed a two-headed ogre
  2647 | D:4      | Reached skill level 2 in Fighting
  2647 | D:4      | Reached XP level 6. HP: 23/39 MP: 6/6
  2940 | D:4      | Reached skill level 3 in Fighting
  3287 | D:4      | Reached skill level 4 in Fighting
  3308 | D:4      | Reached XP level 7. HP: 49/49 MP: 7/7
  3526 | D:4      | Killed a two-headed ogre
  3527 | D:4      | Reached skill level 5 in Fighting
  3527 | D:4      | Reached skill level 9 in Stealth
  3527 | D:4      | Reached XP level 8. HP: 51/55 MP: 8/8
  3853 | D:5      | Entered Level 5 of the Dungeon
  3964 | D:5      | Reached skill level 10 in Stealth
  4128 | D:5      | Found a sacrificial altar of Ru.
  4160 | D:5      | Found a stormy altar of Qazlal.
  4295 | D:5      | Reached skill level 11 in Stealth
  5008 | D:6      | Reached skill level 12 in Stealth
  5014 | D:6      | Reached XP level 9. HP: 45/61 MP: 9/9
  5078 | D:6      | Found an ancient bone altar of Kikubaaqudgha.
  5394 | D:6      | Found a runed translucent door.
  5395 | D:6      | Noticed Crazy Yiuf
  5501 | D:6      | Reached skill level 1 in Maces & Flails
  5501 | D:6      | Reached skill level 1 in Shields
  5517 | D:6      | Found a staircase to the Ecumenical Temple.
  5523 | Temple   | Entered the Ecumenical Temple
  5531 | Temple   | Became a worshipper of Gozag Ym Sagoz the Greedy
  6037 | D:7      | Found an ornate altar of the Wu Jian Council.
  6210 | D:7      | Reached skill level 13 in Stealth
  6210 | D:7      | Reached skill level 2 in Shields
  6248 | D:7      | Noticed Prince Ribbit
  6254 | D:7      | Killed Prince Ribbit
  6255 | D:7      | Reached skill level 2 in Maces & Flails
  6299 | D:7      | Reached skill level 4 in Evocations
  6713 | D:7      | Reached skill level 3 in Maces & Flails
  6713 | D:7      | Reached skill level 3 in Shields
  6731 | D:7      | Found a stormy altar of Qazlal.
  6829 | D:7      | Noticed Harold
  7148 | D:8      | Reached skill level 5 in Evocations
  7265 | D:8      | Reached skill level 4 in Maces & Flails
  7265 | D:8      | Reached skill level 4 in Shields
  7274 | D:8      | Reached XP level 10. HP: 66/66 MP: 10/10
  7444 | D:8      | Reached skill level 6 in Evocations
  7487 | D:8      | Found a broken altar of Ashenzari.
  7633 | D:8      | Reached skill level 5 in Maces & Flails
  7702 | D:8      | Reached skill level 5 in Shields
  7965 | D:8      | Noticed a kobold demonologist
  7976 | D:8      | Killed a kobold demonologist
  7987 | D:8      | Reached skill level 6 in Maces & Flails
  7987 | D:8      | Reached skill level 6 in Shields
  8000 | D:8      | Noticed a two-headed ogre
  8013 | D:8      | Killed a two-headed ogre
  8037 | D:8      | Found an ancient bone altar of Kikubaaqudgha.
  8336 | D:9      | Reached skill level 7 in Maces & Flails
  8336 | D:9      | Reached skill level 7 in Shields
  8432 | D:9      | Found Kinele's Assorted Antiques.
  8562 | D:9      | Bought a puce potion for 34 gold pieces
  8562 | D:9      | Bought a bubbling red potion for 34 gold pieces
  8562 | D:9      | Bought a smoky ruby potion for 34 gold pieces
  8564 | D:9      | Bought a jewelled long sword for 195 gold pieces
  8564 | D:9      | Identified the +4 long sword of Nomuif {elec, rF+ rN+ MP+9}
                  | (You bought it in a shop on level 9 of the Dungeon)
  8622 | D:9      | Noticed a two-headed ogre
  8627 | D:9      | HP: 5/66 [two-headed ogre/+0 giant club (18)]
  8753 | D:9      | Killed a two-headed ogre
  8754 | D:9      | Reached skill level 2 in Long Blades
  8754 | D:9      | Reached XP level 11. HP: 71/71 MP: 11/11
  8833 | D:9      | Noticed a green ugly thing
  8849 | D:9      | Killed a green ugly thing
  8850 | D:9      | Reached skill level 3 in Long Blades
  8850 | D:9      | Reached skill level 8 in Shields
  8851 | D:9      | Noticed a two-headed ogre
  8862 | D:9      | Killed a two-headed ogre
  8863 | D:9      | Reached skill level 4 in Long Blades
  9085 | D:9      | Noticed a two-headed ogre
  9095 | D:9      | Killed a two-headed ogre
  9101 | D:9      | Reached skill level 5 in Long Blades
  9220 | D:9      | Bought a papyrus book for 570 gold pieces
  9301 | D:9      | Found a bloodstained altar of Trog.
  9303 | D:9      | Found a blossoming altar of Fedhas.
  9463 | D:9      | Found a staircase to the Lair.
  9624 | D:9      | Found a shadowy altar of Dithmenos.
  9630 | D:9      | Found Aghuxt's Jewellery Boutique.
  9693 | D:9      | Found Cyskiefu's Magic Scroll Emporium.
  9701 | D:9      | Bought a scroll of identify for 34 gold pieces
  9734 | D:10     | Entered Level 10 of the Dungeon
  9918 | D:10     | Reached skill level 6 in Long Blades
 10232 | D:10     | Found a staircase to the Orcish Mines.
 10433 | Lair:1   | Entered Level 1 of the Lair of Beasts
 10441 | Lair:1   | Reached skill level 9 in Shields
 10512 | Lair:1   | Found a snail-covered altar of Cheibriados.
 10603 | Lair:1   | Found a runed translucent gate.
 10603 | Lair:1   | Found a runed translucent gate.
 10603 | Lair:1   | Found a runed translucent gate.
 10624 | Lair:1   | Reached skill level 7 in Long Blades
 10862 | Lair:1   | Noticed AtlasWard's ghost (journeyman OgHu)
 11450 | Lair:2   | HP: 7/71 [cane toad (23)]
 11450 | Lair:2   | Killed from afar by a rime drake

Illustrated notes

Levels and vault maps discovered:
D:1:      wander_arrival_lonely_grave, layout_loops_cross, lemuel_old_faithful
D:2:      layout_basic
D:3:      layout_loops_cross, serial_rivers, chequers_serial_rivers_micro_a,
          chequers_serial_rivers_room_b, chequers_serial_rivers_marsh,
          chequers_serial_rivers_micro_c, chequers_serial_rivers_small_3,
          minmay_unequal
D:4:      layout_gridville, minmay_misc_feat_secret_circle
D:5:      layout_loops_corners, nicolae_ru_great_annihilating_truth, basic_altar
D:6:      layout_loops_ring, kiku_gazebo_garden_becter,
          minmay_temple_entry_enclosed_plants, uniq_crazy_yiuf_cottage
D:7:      layout_basic, overflow_temple_1_default, lemuel_doored_altar,
          uniq_prince_ribbit1, uniq_harold
D:8:      wander_kiku_kobolds, layout_rooms, cheibrodos_ashenzari_chains
D:9:      minmay_ornate_pinched, layout_gridville, grunt_temple_overflow_open,
          serial_shops, shop_fountains, shop, nicolae_shop_crystal,
          chequers_big_river, dk_rats_in_the_wall
D:10:     layout_basic, orc_0_dummy
Temple:   eino_temple_lava
Lair:1:   layout_long_grid, gammafunk_ghost_icy, basic_altar,
          cheibrodos_lair_reptile_den, lemuel_fruit_tree, grunt_megastairs_4
Lair:2:   layout_regular_city, tgw_fedhas

Skill      XL: |  1  2  3  4  5  6  7  8  9 10 11 |
---------------+----------------------------------+-----
Stealth        | 3 4 5 9 12 13 | 13.0
Dodging        | 4 5 |  5.0
Fighting       | 2 4 5 |  5.0
Maces & Flails | 4 7 |  7.4
Shields        | 4 7 9 |  9.4
Evocations     | 5 6 |  6.0
Long Blades    | 2 7 |  7.7

Action                   |  1- 3 |  4- 6 |  7- 9 | 10-12 || total
-------------------------+-------+-------+-------+-------++-------
Melee: Club              |     4 |       |       |       ||     4
       Constrict         |    10 |    29 |    49 |    76 ||   164
       Flail             |    38 |   115 |   195 |   210 ||   558
       Tentacles         |     6 |    25 |    58 |    96 ||   185
       Dagger            |       |       |    16 |     2 ||    18
       Trident           |       |       |     4 |       ||     4
       Long sword        |       |       |       |   114 ||   114
       Short sword       |       |       |       |    16 ||    16
Throw: Stone             |       |    84 |    92 |   131 ||   307
Invok: Call Merchant     |       |       |       |     1 ||     1
Evoke: Wand              |     7 |     4 |    18 |    12 ||    41
  Use: Scroll            |     6 |     1 |     8 |    10 ||    25
       Potion            |       |       |       |     1 ||     1
 Stab: Sleeping          |    13 |       |    17 |    16 ||    46
       Distracted        |     1 |       |     1 |     6 ||     8
       Paralysed         |       |       |       |     2 ||     2
Armor: Skin              |     3 |    24 |    32 |    27 ||    86
Dodge: Dodged            |    13 |    79 |   108 |   116 ||   316
Block: Tower shield      |       |       |    91 |   299 ||   390
       Rpst.: Long sword |       |       |       |    23 ||    23

Table legend: (Time is in decaauts)
 A = Elapsed time spent in this place.
 B = Non-inter-level travel time spent in this place.
 C = Inter-level travel time spent in this place.
 D = Time resting spent in this place.
 E = Time spent auto-exploring this place.
 F = Levels seen in this place.
 G = Mean time per level.
                   A        B        C        D        E       F      G
               +--------+--------+--------+--------+--------+-----+--------+
         Total |  11689 |  11159 |    530 |   1066 |   7437 |  13 |  899.2 |
       Dungeon |  10648 |  10222 |    426 |   1035 |   6733 |  10 | 1064.8 |
        Temple |     16 |      8 |      8 |      0 |      0 |   1 |   16.0 |
          Lair |   1024 |    929 |     95 |     31 |    704 |   2 |  512.0 |
               +--------+--------+--------+--------+--------+-----+--------+

Top non-repeatable levels by time:
     D:9: 1555 daAuts
     D:3: 1289 daAuts
     D:8: 1272 daAuts
     D:5: 1157 daAuts
     D:7: 1091 daAuts
     D:4: 1029 daAuts
     D:6: 989 daAuts
     D:2: 932 daAuts
  Lair:1: 805 daAuts
     D:1: 677 daAuts
    D:10: 652 daAuts
  Lair:2: 218 daAuts
  Temple: 16 daAuts

Table legend:
 A = Kills in this place as a percentage of kills in entire the game.
 B = Kills by you in this place as a percentage of kills by you in the entire game.
 C = Kills by friends in this place as a percentage of kills by friends in the entire game.
 D = Other kills in this place as a percentage of other kills in the entire game.
 E = Experience gained in this place as a percentage of experience gained in the entire game.
 F = Experience gained in this place divided by the number of levels of this place that you have seen.
                   A       B       C       D       E      F
               +-------+-------+-------+-------+-------+----------------------
         Total | 100.0 | 100.0 | 100.0 |   N/A | 100.0 | 1403.5
       Dungeon |  95.5 |  95.5 | 100.0 |   N/A |  83.2 | 1517.7
          Lair |   4.5 |   4.5 |   0.0 |   N/A |  16.8 | 1534.0
               +-------+-------+-------+-------+-------+----------------------
